 Dungeon Crawl Stone Soup version 0.30-a0-1066-g63dfefce0d (webtiles) character file.

Game seed: 2232425865624754905

38 PimpSugar the Magician (level 3, -5/27 HPs)
             Began as a Djinni Hedge Wizard on Apr 12, 2023.
             Was a Follower of Zin.
             Slain by a worm (10 damage)
             ... on level 2 of the Dungeon.
             The game lasted 00:03:41 (1137 turns).

PimpSugar the Magician (Djinni Hedge Wizard)        Turns: 1137, Time: 00:03:42

Health: -5/27      AC:  2    Str:  9    XL:     3   Next: 65%
Gold:   19         EV: 12    Int: 17    God:    Zin [*.....] SH:  0 Dex: 12

rFire   + + .      SeeInvis .    a - +0 dagger
rCold   x . .      Faith    .    (no shield)
rNeg    . . .      Spirit   .    b - +0 robe
rPois   ∞          Reflect  .    c - +0 hat
rElec   .          Rampage  .    (no cloak)
rCorr   .                        (no gloves)
Will    .....                    (boots unavailable)
Stlth   ++                       (no amulet)
HPRegen 0.24/turn                (no ring)
MPRegen 0.00/turn                (no ring)

@: flying
A: sickness immunity, fire resistance 2, cold vulnerability 1, float, innate
caster, HP casting, extra vitality 1
a: Renounce Religion, Recite, Donate Gold


You were on level 2 of the Dungeon.
You worshipped Zin.
Zin was aware of your devotion.
You visited 1 branch of the dungeon, and saw 2 of its levels.

You collected 53 gold pieces.
You donated 34 gold pieces to Zin.

Inventory:

Hand Weapons
 a - a +0 dagger (weapon)
 k - a +0 sling
Missiles
 d - 6 poisoned darts
 h - 4 stones
Armour
 b - a +0 robe (worn)
 c - a +0 hat (worn)
Scrolls
 f - a scroll of immolation
 i - a scroll of fear {unknown}
 l - a scroll of poison {unknown}
Potions
 e - a potion of might {unknown}
 g - 2 potions of heal wounds {unknown}
 j - 2 potions of lignification {unknown}


   Skills:
 + Level 1.0 Fighting
 + Level 2.7 Dodging
 + Level 2.0 Stealth
 * Level 2.8 Spellcasting


You knew the following spells:

 Your Spells              Type           Power      Damage    Failure   Level
a - Magic Dart            Conj           48%        1d5       5%          1
b - Call Imp              Summ           24%        N/A       9%          2
c - Mephitic Cloud        Conj/Pois/Air  12%        N/A       16%         3
d - Slow                  Hex            48%        N/A       5%          1
e - Blink                 Tloc           24%        N/A       9%          2
f - Freeze                Ice            48%        1d6       5%          1
Your spell library was empty.

Dungeon Overview and Level Annotations

Branches:
Dungeon (2/15)

Altars:
Zin


Innate Abilities, Weirdness & Mutations

You are immune to sickness and miasma.
You are immune to poison.
Your flesh is very heat resistant. (rF++)
You are vulnerable to cold. (rC-)
You float through the air rather than walking.
You learn spells naturally, not from books.
Your magical power is your life essence.
You have superior vitality. (+4 MHP)


Message History

Confirm with . or Enter, or press ? or * to list all spells.
Aiming: Magic Dart (safe; 5% risk of failure)
Press: ? - help, Shift-Dir - straight line, f/p - worm
Aim: a worm (moderately wounded, 100% to hit)
The magic dart hits the worm.
The worm is heavily wounded.
Casting: Magic Dart (safe; 5% risk of failure)
Confirm with . or Enter, or press ? or * to list all spells.
Aiming: Magic Dart (safe; 5% risk of failure)
Press: ? - help, Shift-Dir - straight line, f/p - worm
Aim: a worm (heavily wounded, 100% to hit)
The magic dart hits the worm but does no damage.
The worm is heavily wounded.
The worm bites you!
You hit the worm.
The worm is heavily wounded.
You barely miss the worm.
The worm is heavily wounded.
The worm closely misses you.
You hit the worm.
The worm is heavily wounded.
The worm barely misses you.
You hit the worm.
The worm is severely wounded.
You hit the worm but do no damage.
The worm is severely wounded.
The worm bites you!
* * * LOW HITPOINT WARNING * * *
You completely miss the worm.
The worm is severely wounded.
Casting: Magic Dart (safe; 5% risk of failure)
Confirm with . or Enter, or press ? or * to list all spells.
Aiming: Magic Dart (safe; 5% risk of failure)
Press: ? - help, Shift-Dir - straight line, f/p - worm
Aim: a worm (severely wounded, 100% to hit)
The magic dart hits the worm.
The worm is severely wounded.
* * * LOW HITPOINT WARNING * * *
The worm bites you!
You die...

..#### #.# ....####.#...
#.# #.# ##### #.#...
#)## ###.#### #.....
.).# #......# #####.
...# ##.#.##.# ### #.
...# ###.......# .... #.
...#####....#.##.# .....
#.
.......#.........#......
#.
...........##.#.@w......
#.
.......#...##.##.#......
#. ...#######.##.##.#
..... #. ...# #.......#
.... ##. ...# ####.####
##########.# ...# #.#
#.......##.. #.## #.#
##.#####.##.# #.#
##..#####.##.#
#.######.#.##.......#


You could see a worm.

Vanquished Creatures
  An adder (D:2)
  A ball python (D:1)
  2 bats (D:1)
  3 goblins
  2 hobgoblins
  A jackal (D:1)
  2 kobolds
  2 rats
14 creatures vanquished.

Vanquished Creatures (collateral kills)
  An adder (D:2)
  An endoplasm (D:1)
  3 jackals (D:1)
5 creatures vanquished.

Grand Total: 19 creatures vanquished

Notes
Turn   | Place    | Note
-------+----------+-------------------------------------------
     0 | D:1      | PimpSugar the Djinni Hedge Wizard began the quest for the
                  | Orb.
     0 | D:1      | PimpSugar set off with the following spells memorised:
                  | Magic Dart, Slow, Blink, Call Imp, Mephitic Cloud.
     0 | D:1      | Reached XP level 1. HP: 15/15 MP: 0/0
   393 | D:1      | Reached XP level 2. HP: 21/21 MP: 0/0
   410 | D:1      | HP: 1/21 [jackal (2)]
   862 | D:2      | Found a faded altar of an unknown god.
   880 | D:2      | Reached XP level 3. HP: 24/26 MP: 0/0
   880 | D:2      | Learned a level 1 spell: Freeze
   883 | D:2      | Reached skill level 1 in Fighting
   903 | D:2      | Prayed at the altar of an unknown god.
   903 | D:2      | Became a worshipper of Zin the Law-Giver
   903 | D:2      | Reached * piety under Zin
   904 | D:2      | Donated 15 gold pieces to Zin
   952 | D:2      | Donated 14 gold pieces to Zin
  1137 | D:2      | Slain by a worm

Illustrated notes

Levels and vault maps discovered:
D:1:      onia_arrival_pyramid, layout_loops_ring
D:2:      layout_loops_cross, hellmonk_ecumenical_altar_blasted,
          uniq_crazy_yiuf_cottage

Skill      XL: |  1  2  3 |
---------------+----------+-----
Fighting       | 1 |  1.0
Stealth        | 2 |  2.0
Dodging        | |  2.7
Spellcasting   | |  2.8

Action                     || total
---------------------------++-------
  Melee: Dagger            ||    56
   Cast: Magic Dart        ||    21
         Call Imp          ||     3
         Blink             ||     1
         Freeze            ||     3
 Invoke: Donate Gold       ||     2
         Recite            ||     1
    Use: Potion            ||     2
 Armour: Robe              ||    11
  Dodge: Dodged            ||    40

Table legend: (Time is in decaauts)
 A = Elapsed time spent in this place.
 B = Non-inter-level travel time spent in this place.
 C = Inter-level travel time spent in this place.
 D = Time resting spent in this place.
 E = Time spent auto-exploring this place.
 F = Levels seen in this place.
 G = Mean time per level.
                   A        B        C        D        E       F      G
               +--------+--------+--------+--------+--------+-----+--------+
         Total |   1136 |   1120 |     16 |     94 |    789 |   2 |  568.0 |
       Dungeon |   1136 |   1120 |     16 |     94 |    789 |   2 |  568.0 |
               +--------+--------+--------+--------+--------+-----+--------+

Top non-repeatable levels by time:
     D:1: 808 daAuts
     D:2: 328 daAuts
